 Dungeon Crawl Stone Soup version 0.31-a0-188-g5e087ee2ca (webtiles) character file.

Game seed: 15468347463042537781

155 qw the Skirmisher (level 5, 0/29 HPs)
             Began as a Deep Elf Hunter on June 22, 2023.
             Slain by an iguana (2 damage)
             ... on level 3 of the Dungeon.
             The game lasted 00:00:51 (1990 turns).

qw the Skirmisher (Deep Elf Hunter)                 Turns: 1990, Time: 00:00:51

Health: 0/29       AC:  6    Str: 10    XL:     5   Next: 14%
Magic:  7/7        EV: 11    Int: 14    God:
Gold:   210        SH:  0    Dex: 18    Spells: 4/4 levels left

rFire   . . .        Y - +0 shortbow
rCold   . . .        (shield currently unavailable)
rNeg    . . .        h - +0 ring mail
rPois   .            a - +1 hat
rElec   .            (no cloak)
rCorr   .            (no gloves)
SInv    .            (no boots)
Will    .....        b - amulet of the acrobat
Stlth   +            (no ring)
HPRegen 0.24/turn    (no ring)
MPRegen 0.10/turn

%: acrobat
@: about to teleport
A: no striking features
a: no special abilities


You were on level 3 of the Dungeon.
You visited 1 branch of the dungeon, and saw 3 of its levels.

You collected 210 gold pieces.


   Skills:
 - Level 1.5 Fighting
 + Level 8.6 Ranged Weapons
 - Level 2.4 Dodging
 - Level 1.2 Stealth


You had 4 spell levels left.
You didn't know any spells.
Your spell library was empty.

Inventory:

Hand Weapons
 Y - a +0 shortbow (weapon)
Armour
 a - a +1 hat (worn)
 h - a +0 ring mail (worn)
 m - a +0 pair of boots
 n - a +0 cloak
Jewellery
 b - an amulet of the acrobat (around neck)
Scrolls
 c - 2 scrolls of identify
Potions
 d - a potion of invisibility {unknown}
 e - 2 potions of might
 f - a potion of degeneration {unknown}
 g - a potion of cancellation {unknown}
 j - a potion of magic {unknown}
 k - a potion of ambrosia {unknown}
 l - a potion of curing {unknown}

Dungeon Overview and Level Annotations

Branches:
Dungeon (3/15)

Altars:


Message History

Enter note:
Enter note:
Enter note:
Enter note:
Enter note:
Enter note:
Enter note:
Enter note:
Enter note:
Enter note:
Enter note:
Enter note: You shoot an arrow.
The arrow hits the iguana but does no damage.
You feel very sick.
The kobold throws a poisoned dart.
The poisoned dart closely misses you.
You shoot an arrow. The arrow hits the iguana.
The iguana is lightly wounded.
You feel sick.
You shoot an arrow.
The arrow hits the iguana but does no damage.
The iguana is lightly wounded.
You feel sick.
You shoot an arrow. The arrow closely misses the iguana.
You feel sick. The kobold hits you with a +0 whip. The iguana bites you.
You shoot an arrow. The arrow hits the iguana.
The iguana is moderately wounded.
You feel sick. The kobold barely misses you. The iguana bites you!
You shoot an arrow. The arrow hits the iguana!
The iguana is almost dead.
You feel sick. The kobold hits you with a +0 whip.
The iguana bites you but does no damage.
A ball python comes into view.
1990 ||| READING scroll of teleportation.
As you read the scroll of teleportation, it crumbles to dust.
You feel strangely unstable.
You feel sick.
You are no longer poisoned.
The kobold hits you with a +0 whip. The iguana bites you.
You die...

...#.. ... ...#...
....S....# ...#...
.........# ...#....
.....)...# ##
...#.....%........####.#
...#..............#.#.#
.......... ........#.#
.........# #.Kl.#.#
.........#######@..#
.........#........##
..................#
...........##.#.#.#
.........#........#
.........##.##..###
.#.......###.#..#
.#.......# ##...#
.###....## ##..#


You could see an iguana, a ball python (wandering) and a kobold.

Vanquished Creatures
  Ijyb (D:3)
  Natasha (D:3)
  4 adders
  An orc (D:3)
  5 bats
  4 endoplasms
  2 giant cockroaches
  9 goblins
  8 hobgoblins
  5 quokkas
  6 ball pythons
  10 frilled lizards
  6 kobolds
  4 rats
66 creatures vanquished.

Notes
Turn   | Place    | Note
-------+----------+-------------------------------------------
     0 | D:1      | qw the Deep Elf Hunter began the quest for the Orb.
     0 | D:1      | Reached XP level 1. HP: 12/12 MP: 3/3
     0 | D:1      | 0 ||| qw: Version: 0.3-a-9-g12657ce
     0 | D:1      | 0 ||| qw: Game counter: 2954
     0 | D:1      | 0 ||| qw: Always use a shield: true
     0 | D:1      | 0 ||| qw: God list: Okawaru
     0 | D:1      | 0 ||| qw: Allow faded altars: false
     0 | D:1      | 0 ||| qw: Do Orc after D:15 true
     0 | D:1      | 0 ||| qw: Do second Lair branch before Depths: true
     0 | D:1      | 0 ||| qw: Lair rune preference: random
     0 | D:1      | 0 ||| qw: Plans: Normal
     0 | D:1      | 0 ||| PLANNING D:1-11
    77 | D:1      | Reached XP level 2. HP: 16/16 MP: 4/4
    88 | D:1      | Reached skill level 6 in Ranged Weapons
   115 | D:1      | 115 ||| FLEEEEING.
   116 | D:1      | 116 ||| FLEEEEING.
   117 | D:1      | 117 ||| FLEEEEING.
   562 | D:1      | 562 ||| UPGRADING to +0 ring mail.
   572 | D:1      | 572 ||| DROPPING +0 leather armour.
   573 | D:1      | 573 ||| READING scroll labelled NIWIDW TIRUL.
   574 | D:1      | 574 ||| READING scroll labelled ZUHEL PUIN CUD.
   575 | D:1      | 575 ||| READING 2 scrolls labelled WAFEIW DAJI.
   578 | D:1      | 578 ||| READING scroll labelled DOILIA PYTHE.
   579 | D:1      | 579 ||| DROPPING scroll of butterflies.
   599 | D:2      | 599 ||| STAIRDANCE
   605 | D:1      | Reached XP level 3. HP: 7/20 MP: 5/5
   663 | D:2      | 663 ||| STAIRDANCE
   740 | D:2      | Reached skill level 7 in Ranged Weapons
   993 | D:2      | Reached XP level 4. HP: 25/25 MP: 6/6
  1391 | D:2      | 1391 ||| UPGRADING to +1 hat.
  1396 | D:2      | 1396 ||| UPGRADING to amulet of the acrobat.
  1401 | D:2      | 1401 ||| READING 2 scrolls labelled KIUNTO HILAE.
  1402 | D:2      | 1402 ||| DRINKING 3 fizzy brown potions.
  1549 | D:3      | Noticed Ijyb
  1555 | D:3      | Killed Ijyb
  1556 | D:3      | Reached skill level 8 in Ranged Weapons
  1701 | D:3      | Noticed Natasha
  1711 | D:3      | Killed Natasha
  1712 | D:3      | Reached XP level 5. HP: 14/29 MP: 7/7
  1989 | D:3      | HP: 6/29 [kobold/+0 whip (3)]
  1990 | D:3      | 1990 ||| READING scroll of teleportation.
  1990 | D:3      | HP: 2/29 [kobold/+0 whip (3)]
  1990 | D:3      | Slain by an iguana

Levels and vault maps discovered:
D:1:      ncdulo_halloftheorcs, layout_basic
D:2:      layout_rooms, serial_forest, infiniplex_forest_diagonal,
          infiniplex_forest_corner_2, infiniplex_forest_zigzag_1,
          infiniplex_forest_lined_corner, infiniplex_forest_clump_small,
          infiniplex_forest_clump_small, kennysheep_nondescript,
          minmay_misc_feat_cross
D:3:      layout_basic, reono_crystal_passage, minmay_box_of_dots, uniq_ijyb,
          uniq_natasha, uniq_sigmund, uniq_terence

Skill      XL: |  1  2  3  4 |
---------------+-------------+-----
Ranged Weapons | 6 7 8 |  8.6
Fighting       | |  1.5
Dodging        | |  2.4
Stealth        | |  1.2

Action                     |  1- 3 |  4- 6 || total
---------------------------+-------+-------++-------
   Fire: Shortbow          |   112 |    67 ||   179
    Use: Scroll            |     4 |     2 ||     6
         Potion            |       |     1 ||     1
 Armour: Ring mail         |    11 |     3 ||    14
  Dodge: Dodged            |    27 |    13 ||    40

Table legend:
 A = Non-vault XP
 B = Vault XP
 C = Vault XP percentage of total XP
 D = Non-vault monster count
 E = Vault monster count
 F = Vault count percentage of total count
                 A         B        C        D         E       F
            +---------+---------+-------+---------+---------+-------
      Total |     150 |      72 |  32.4 |      64 |       2 |   3.0
            +---------+---------+-------+---------+---------+-------
        D:1 |      45 |       0 |   0.0 |      27 |       0 |   0.0
        D:2 |      57 |       0 |   0.0 |      22 |       0 |   0.0
        D:3 |      48 |      72 |  60.0 |      15 |       2 |  11.8
            +---------+---------+-------+---------+---------+-------
